 Dungeon Crawl Stone Soup version 0.27.0-1-g7a089689b8 (webtiles) character file.

Game seed: 9204262284384094760

32502 mainiacjoe the Covert (level 13, -4/121 HPs)
             Began as a Deep Dwarf Earth Elementalist on Aug 14, 2021.
             Was an Elder of Makhleb.
             Slain by a black mamba (12 damage)
             ... on level 5 of the Lair of Beasts.
             The game lasted 01:12:33 (20876 turns).

mainiacjoe the Covert (DDEE)                       Turns: 20876, Time: 01:12:34

Health: -4/121     AC: 11    Str: 13    XL:     13   Next: 31%
Magic:  19/22 (13) EV: 15    Int: 20    God:    Makhleb [****..]
Gold:   218        SH: 10    Dex: 13    Spells: 8/18 levels left

rFire    . . .     SeeInvis .   a - +6 dagger of Onum Busys {vorpal, rC+ MP+9}
rCold    + . .     Faith    .   V - +0 buckler
rNeg     . . .     Spirit   .   T - +0 leather armour of Wirunaf {Will+++ Regen+ rCorr}
rPois    .         Reflect  +   i - +2 helmet
rElec    .         Harm     .   K - scarf {repulsion}
rCorr    +         Rampage  .   x - +0 pair of gloves
Will     ++++.                  (no boots)
Stlth    ++++......             v - amulet of reflection
HPRegen  0.00/turn              D - ring of resist corrosion
MPRegen  0.18/turn              X - +4 ring of protection

@: lethally poisoned (-4 -> -4), studying Transmutations, repel missiles
A: damage resistance, heal wounds, sense surroundings 2, no regeneration
a: Heal Wounds, Renounce Religion, Minor Destruction, Lesser Servant of Makhleb,
Major Destruction


You were on level 5 of the Lair of Beasts.
You worshipped Makhleb.
Makhleb was greatly pleased with you.
You visited 3 branches of the dungeon, and saw 17 of its levels.
You also visited: Sewer and Ossuary.

You collected 1035 gold pieces.
You spent 817 gold pieces at shops.

Inventory:

Hand Weapons
 a - the +6 dagger of Onum Busys (weapon) {vorpal, rC+ MP+9}
   (You bought it in a shop on level 4 of the Dungeon)

   It inflicts extra damage upon your enemies.
   rC:        It protects you from cold.
   MP:        It affects your magic capacity (+9).
 b - a +1 hand crossbow
 w - a +0 rapier
 L - a +1 dagger of protection
Missiles
 c - 330 stones
 l - 139 arrows
 m - 90 bolts
 n - 2 javelins
 F - 10 boomerangs
 M - 89 sling bullets
 O - 57 poisoned darts (quivered)
 P - 5 throwing nets {=F}
 S - a curare-tipped dart {=F}
Armour
 i - a +2 helmet (worn)
 p - a +0 robe
 x - a +0 pair of gloves (worn)
 K - a scarf of repulsion (worn)
 T - the +0 leather armour of Wirunaf (worn) {Will+++ Regen+ rCorr}
   (You bought it in a shop on level 11 of the Dungeon)

   Regen:     It increases your rate of health regeneration.
   rCorr:     It protects you from acid and corrosion.
   Will:      It greatly increases your willpower.
 V - a +0 buckler (worn)
 W - a +2 robe of fire resistance
Jewellery
 v - an amulet of reflection (around neck)
 D - a ring of resist corrosion (left hand)
 R - an amulet of the acrobat
 X - a +4 ring of protection (right hand)
Wands
 f - a wand of flame (39)
 A - a wand of iceblast (9)
 C - a wand of acid (7)
 Y - a wand of mindburst (37)
Scrolls
 d - a scroll of magic mapping
 e - 3 scrolls of fear
 j - 3 scrolls of amnesia
 k - a scroll of summoning
 o - 2 scrolls of immolation
 r - a scroll of enchant armour {unknown}
 s - a scroll of fog
 y - a scroll of silence
 I - a scroll of holy word
 Q - a scroll of blinking
 Z - a scroll of brand weapon {unknown}
Potions
 g - 5 potions of attraction
 h - 8 potions of curing
 q - 2 potions of magic
 t - a potion of invisibility
 u - 2 potions of mutation
 z - 3 potions of flight
 B - a potion of brilliance {unknown}
 E - 2 potions of ambrosia
 G - a potion of resistance {unknown}
 H - 4 potions of lignification
 J - a potion of cancellation
 N - a potion of haste
 U - a potion of might {unknown}


   Skills:
 + Level 9.4 Fighting
 - Level 10.0 Short Blades
 - Level 10.0 Dodging
 + Level 11.4 Stealth
 - Level 4.0 Shields
 - Level 3.0 Spellcasting
 - Level 3.0 Conjurations
 - Level 6.0 Transmutations
 - Level 10.0 Earth Magic
 - Level 10.0 Invocations


You had 8 spell levels left.
You knew the following spells:

 Your Spells              Type           Power      Damage    Failure   Level
a - Sandblast             Erth           86%        2d18      1%          1
b - Passwall              Tmut/Erth      29%        N/A       1%          2
c - Stone Arrow           Conj/Erth      58%        3d10      3%          3
d - Petrify               Tmut/Erth      35%        N/A       7%          4

Your spell library contained the following spells:

 Spells                   Type           Power      Damage    Failure   Level
 Magic Dart               Conj           60%        1d6       5%          1
 Searing Ray              Conj           30%        3d4       8%          2
 Static Discharge         Conj/Air       9%         N/A       14%         2
 Leda's Liquefaction      Hex/Erth       11%        N/A       22%         4
 Blade Hands              Tmut           13%        N/A       38%         5
 Call Canine Familiar     Summ           3%         N/A       47%         3
 Gell's Gravitas          Tloc           1%         N/A       47%         3
 Lesser Beckoning         Tloc           1%         N/A       47%         3
 Ozocubu's Armour         Ice            3%         N/A       47%         3
 Portal Projectile        Hex/Tloc       6%         N/A       47%         3
 Teleport Other           Tloc           3%         N/A       47%         3
 Fulminant Prism          Conj/Hex       4%         3d6       67%         4
 Sticky Flame             Conj/Fire      9%         2d3       67%         4
 Animate Dead             Necr           1%         N/A       87%         4
 Dispel Undead            Necr           3%         3d7       87%         4
 Excruciating Wounds      Necr           1%         N/A       99%         5
 Metabolic Englaciation   Hex/Ice        1%         N/A       99%         5
 Conjure Ball Lightning   Conj/Air       4%         3x3d6     100%        6
 Simulacrum               Ice/Necr       1%         N/A       100%        6
 Haunt                    Necr/Summ      1%         N/A       100%        7
 Discord                  Hex            1%         N/A       100%        8
 Disjunction              Tloc           1%         N/A       100%        8
 Infestation              Necr           1%         N/A       100%        8


Dungeon Overview and Level Annotations

Branches:
Dungeon (11/15)            Temple (1/1) D:6            Lair (5/6) D:11
  Snake (0/4) Lair:4        Slime (0/5) Lair:5          Orc (0/2) D:9
  Sewer (visited)         Ossuary (visited)
  Swamp: Lair:2-4    Shoals: Lair:2-4

Altars:
Ashenzari
Cheibriados
Dithmenos
Elyvilon
Fedhas
Gozag
Hepliaklqana
Kikubaaqudgha
Makhleb
Nemelex Xobeh
Okawaru
Qazlal
Ru
Sif Muna
Trog
Uskayaw
Vehumet
Wu Jian
Xom
Yredelemnul
Zin
The Shining One
Beogh

Shops:
D:3 *   D:4 (   D:7 (   D:10 *   D:11 [

Annotations:
D:8 2 transporters
Lair:2 exclusion: 3 oklob plants


Innate Abilities, Weirdness & Mutations

You are resistant to damage.
You can heal yourself by infusing magical energy.
You passively map the area around you.
You do not regenerate.


Message History

Aiming: Sandblast (safe; 1% risk of failure)
Press: ? - help, Shift-Dir - straight line, f/p - black mamba
Aim: a black mamba (severely wounded, 72% to hit)
The blast of sand hits the black mamba but does no damage.
The black mamba is severely wounded.
c - 331 stones You feel very sick.
You block the black mamba's attack. The komodo dragon closely misses you.
The black mamba closely misses you.
Casting: Sandblast (safe; 1% risk of failure)
Confirm with . or Enter, or press ? or * to list all spells.
Aiming: Sandblast (safe; 1% risk of failure)
Press: ? - help, Shift-Dir - straight line, f/p - black mamba
Aim: a black mamba (severely wounded, 72% to hit)
The blast of sand misses the black mamba.
c - 330 stones The black mamba bites you!
You are more poisoned.
The black mamba poisons you! You block the komodo dragon's attack.
You block the black mamba's attack.
You feel extremely sick. You block the black mamba's attack.
A demon appears!
The ice encasing you melts away.
You feel extremely sick. You block the black mamba's attack.
The komodo dragon barely misses you. The rime drake breathes ice at you.
The flash freeze misses you. The black mamba closely misses you.
You feel sick. The black mamba bites you.
You are more poisoned.
The black mamba poisons you!
* * * LOW HITPOINT WARNING * * *
You feel extremely sick. The rime drake breathes ice at you.
The flash freeze hits your ynoxinul!
Your ynoxinul partially resists.
Your ynoxinul is flash-frozen.
You feel very sick.
The black mamba bites you but does no damage.
The black mamba bites you!
You die...

.................. ,,,,
* * ..................,
, , ,
,.$................ , ,
> ..........(.k...... ,
, #...........3.......,
, #...................
,,, ,
..............$.....,,,
,,,,......P..lS.........
,, , , ,
..........@S........,,,
, * ....................
, .................... ,
* .................... ,
.................... ,
*#...................,
#.................. ,
....)........P.... , , ,
,, #.#................ ,
,


You could see a komodo dragon, 2 black mambas, a rime drake (ally target) and a
friendly ynoxinul (summoned, frozen).

Vanquished Creatures
  6 hydras
  Erolcha (D:10)
  2 boulder beetles
  Harold (D:7)
  4 two-headed ogres
  Nergalle (D:10)
  A cyclops (D:11)
  Joseph (D:7)
  An elephant (Lair:4)
  2 black mambas (Lair:3)
  5 cane toads
  A torpor snail (Lair:2)
  7 komodo dragons
  An unseen horror (D:10)
  A troll (D:10)
  Prince Ribbit (D:7)
  12 blink frogs
  3 shadows
  2 wraiths (D:11)
  33 yaks
  Eustachio (D:4)
  2 wyverns
  2 humans (D:9)
  6 basilisks
  3 nagas (Lair:4)
  7 water moccasins
  2 ice beasts
  4 orc warriors
  A sky beast (D:8)
  7 wolves
  3 centaurs
  A necrophage (D:4)
  10 kobold brigands
  2 phantoms
  18 bullfrogs
  A gnoll sergeant (D:11)
  3 scorpions
  2 water moccasin skeletons (D:5)
  12 wights
  A howler monkey (D:6)
  7 orc priests
  3 jellies
  2 centaur zombies
  A gnoll shaman (D:9)
  4 hounds
  A centaur skeleton (D:7)
  Natasha (twice) (D:2)
  10 orc wizards
  2 iguanas (D:5)
  4 hell rats (Lair:3)
  A hound skeleton (D:4)
  8 mummies (Ossuary)
  Robin (D:2)
  A howler monkey skeleton (D:7)
  11 gnolls
  8 adders
  A white imp (D:8)
  An adder skeleton (D:4)
  5 worms
  2 dart slugs (D:2)
  31 orcs
  5 ball pythons
  10 endoplasms
  3 giant cockroaches
  A gnoll zombie (Ossuary)
  14 goblins
  6 hobgoblins
  15 jackals
  3 quokkas
  4 bats
  5 frilled lizards
  2 goblin zombies (D:6)
  4 hobgoblin zombies (Ossuary)
  26 kobolds
  2 kobold zombies (Ossuary)
  An orc zombie (Ossuary)
  7 rats
388 creatures vanquished.

Vanquished Creatures (collateral kills)
  A hydra (Lair:2)
  A yak (Lair:3)
  A wolf (Lair:3)
3 creatures vanquished.

Vanquished Creatures (others)
  14 fungi
  33 plants
  6 toadstools (Lair:5)
  A withered plant (D:1)
54 creatures vanquished.

Grand Total: 445 creatures vanquished

Notes
Turn   | Place    | Note
-------+----------+-------------------------------------------
     0 | D:1      | mainiacjoe the Deep Dwarf Earth Elementalist began the
                  | quest for the Orb.
     0 | D:1      | Reached XP level 1. HP: 15/15 MP: 3/3
   139 | D:1      | Reached skill level 3 in Stealth
   301 | D:1      | Reached XP level 2. HP: 16/22 MP: 2/4
   650 | D:1      | Reached skill level 4 in Stealth
   650 | D:1      | Reached XP level 3. HP: 19/28 MP: 1/5
   653 | D:1      | Learned a level 2 spell: Passwall
   844 | D:1      | Found a faded altar of an unknown god.
  1374 | D:2      | Noticed Robin
  1509 | D:2      | Killed Robin
  1510 | D:2      | Reached XP level 4. HP: 20/36 MP: 0/5
  1667 | D:2      | Found a basalt altar of Yredelemnul.
  1907 | D:2      | Noticed Natasha
  1912 | D:2      | Killed Natasha
  1913 | D:2      | Reached skill level 1 in Short Blades
  1913 | D:2      | Reached skill level 5 in Stealth
  1913 | D:2      | Reached skill level 5 in Earth Magic
  1917 | D:2      | Learned a level 3 spell: Stone Arrow
  1917 | D:2      | Noticed Natasha
  1921 | D:2      | Killed Natasha
  2192 | D:3      | Noticed a phantom
  2206 | D:3      | Killed a phantom
  2207 | D:3      | Reached skill level 1 in Conjurations
  2207 | D:3      | Reached XP level 5. HP: 27/42 MP: 6/6
  2218 | D:3      | Found Vukauz's Assorted Antiques.
  2242 | D:3      | Found a glowing drain.
  2268 | D:3      | Reached skill level 6 in Stealth
  2286 | Sewer    | Entered a sewer
  2361 | Sewer    | Reached XP level 6. HP: 15/49 MP: 0/7
  2661 | Sewer    | Reached skill level 7 in Stealth
  2886 | Sewer    | Reached XP level 7. HP: 41/55 MP: 1/8
  3231 | Sewer    | Reached skill level 8 in Stealth
  3781 | D:3      | Bought a square filigree amulet for 140 gold pieces
  4528 | D:4      | Found a snail-covered altar of Cheibriados.
  4547 | D:4      | Noticed Eustachio
  4911 | D:4      | Killed Eustachio
  4912 | D:4      | Reached skill level 9 in Stealth
  5135 | D:4      | Found Jowoe's Antique Weapon Shoppe.
  5164 | D:4      | Reached XP level 8. HP: 56/62 MP: 9/9
  5493 | D:4      | Reached skill level 10 in Stealth
  5498 | D:4      | Learned a level 4 spell: Petrify
  5546 | D:4      | Reached skill level 1 in Transmutations
  5616 | D:5      | Entered Level 5 of the Dungeon
  5793 | D:5      | Found a glowing golden altar of the Shining One.
  6050 | D:5      | Reached skill level 5 in Short Blades
  6915 | D:6      | Found an ancient bone altar of Kikubaaqudgha.
  6941 | D:6      | Found a sand-covered staircase.
  6964 | Ossuary  | Entered an ossuary
  7010 | Ossuary  | Reached skill level 5 in Transmutations
  7010 | Ossuary  | Gained mutation: You passively map the area around you.
                  | [Deep Dwarf growth]
  7010 | Ossuary  | Reached XP level 9. HP: 49/68 MP: 10/10
  7309 | D:4      | Bought a translucent dagger for 168 gold pieces
  7309 | D:4      | Identified the +6 dagger of Onum Busys {vorpal, rC+ MP+9}
                  | (You bought it in a shop on level 4 of the Dungeon)
  7351 | D:6      | Found a staircase to the Ecumenical Temple.
  7389 | Temple   | Entered the Ecumenical Temple
  7725 | D:6      | Found a broken altar of Ashenzari.
  8129 | D:6      | Found a sacrificial altar of Ru.
  8479 | D:7      | Found Hontyrghi's Weapon Shop.
  8479 | D:7      | Noticed Prince Ribbit
  8492 | D:7      | Killed Prince Ribbit
  8636 | D:7      | Noticed Harold
  8702 | D:7      | Found a burning altar of Makhleb.
  8709 | D:7      | Became a worshipper of Makhleb the Destroyer
  8837 | D:7      | Reached skill level 1 in Invocations
  9049 | D:7      | Noticed Joseph
  9049 | D:7      | Killed Harold
  9053 | D:7      | Killed Joseph
  9054 | D:7      | Reached XP level 10. HP: 62/75 MP: 11/11
  9107 | D:7      | Found a blossoming altar of Fedhas.
  9239 | D:8      | Reached skill level 5 in Invocations
  9753 | D:8      | Found a transporter.
  9754 | D:8      | Noticed a gargoyle
  9754 | D:8      | Noticed a cyclops
  9757 | D:8      | Found a transporter.
  9767 | D:8      | Found a hazy altar of Hepliaklqana.
  9937 | D:8      | Reached * piety under Makhleb
 11175 | D:9      | Found a glowing silver altar of Zin.
 11175 | D:9      | Found a shimmering altar of Xom.
 11175 | D:9      | Noticed an angel
 11610 | D:9      | Reached ** piety under Makhleb
 11821 | D:3      | Bought a scroll of identify for 56 gold pieces
 11821 | D:3      | Bought a cyan potion for 25 gold pieces
 12112 | D:9      | Found a radiant altar of Vehumet.
 12378 | D:9      | Found a staircase to the Orcish Mines.
 12597 | D:9      | Found an iron altar of Okawaru.
 12715 | D:10     | Entered Level 10 of the Dungeon
 12736 | D:10     | Found a shimmering blue altar of Sif Muna.
 12855 | D:10     | Identified the +0 helmet of the Lonely Suns {Regen+}
 12884 | D:10     | Noticed a two-headed ogre
 12894 | D:10     | Killed a two-headed ogre
 12895 | D:10     | Reached XP level 11. HP: 54/81 MP: 11/13
 12915 | D:10     | Noticed Nergalle
 12923 | D:10     | Noticed a spectral orc warlord
 13241 | D:10     | You fall into a shaft and drop 1 floor!
 13275 | D:11     | Noticed a two-headed ogre
 13275 | D:11     | Noticed a six-headed hydra
 13275 | D:11     | Noticed a boulder beetle
 13444 | D:10     | Noticed a spectral orc warlord
 13449 | D:10     | Noticed Erolcha
 13450 | D:10     | Killed Nergalle
 13451 | D:10     | Reached skill level 10 in Short Blades
 13572 | D:11     | Noticed a two-headed ogre
 13579 | D:11     | Killed a two-headed ogre
 13580 | D:11     | Reached skill level 10 in Earth Magic
 13580 | D:11     | Reached skill level 10 in Invocations
 13627 | D:11     | Reached skill level 1 in Fighting
 13677 | D:11     | Found a staircase to the Lair.
 13906 | D:11     | Found Lylicvow's Antique Armour Emporium.
 14005 | D:11     | Noticed a two-headed ogre
 14010 | D:11     | Killed a two-headed ogre
 14173 | D:11     | Bought a jewelled leather armour for 175 gold pieces
 14173 | D:11     | Identified the +0 leather armour of Wirunaf {Will+++ Regen+
                  | rCorr} (You bought it in a shop on level 11 of the Dungeon)
 14173 | D:11     | Bought a buckler for 112 gold pieces
 14277 | D:11     | Killed a two-headed ogre
 14278 | D:11     | Reached skill level 1 in Shields
 14292 | D:11     | Killed a boulder beetle
 14313 | D:11     | Killed a six-headed hydra
 14314 | D:11     | Reached skill level 5 in Dodging
 14432 | D:10     | HP: 4/91 [something (14)]
 14444 | D:10     | Killed Erolcha
 14714 | D:10     | Found Icoaluf's Assorted Antiques.
 14722 | D:10     | Bought an inky potion for 21 gold pieces
 14722 | D:10     | Bought a large jade ring for 120 gold pieces
 15314 | Lair:1   | Entered Level 1 of the Lair of Beasts
 15426 | Lair:1   | Reached XP level 12. HP: 65/100 MP: 12/12
 15611 | Lair:1   | Reached *** piety under Makhleb
 15644 | Lair:1   | Reached skill level 5 in Fighting
 16655 | Lair:2   | Identified a scroll of acquirement
 16656 | Lair:2   | Acquired a scarf of repulsion
 16685 | Lair:2   | Noticed a five-headed hydra
 16936 | Lair:2   | Killed a five-headed hydra
 17105 | Lair:2   | Noticed a seven-headed hydra
 17344 | Lair:2   | Killed a seven-headed hydra
 17409 | Lair:2   | Noticed a four-headed hydra
 17896 | Lair:3   | Noticed an eight-headed hydra
 18465 | Lair:3   | Reached **** piety under Makhleb
 18630 | Lair:3   | Noticed a boulder beetle
 18649 | Lair:3   | Killed a boulder beetle
 18674 | Lair:3   | Killed an eight-headed hydra
 18887 | Lair:3   | Noticed a five-headed hydra
 18896 | Lair:3   | Killed a five-headed hydra
 19093 | Lair:3   | Reached skill level 10 in Dodging
 19454 | Lair:3   | Reached XP level 13. HP: 111/118 MP: 13/13
 20136 | Lair:4   | Found a staircase to the Snake Pit.
 20533 | Lair:5   | Reached skill level 11 in Stealth
 20876 | Lair:5   | Slain by a black mamba

Illustrated notes

Levels and vault maps discovered:
D:1:      roderic_octagonal_star, layout_basic,
          shapermc_ecumenical_altar_flowoftime
D:2:      layout_loops_ring, basic_altar, serial_glass, glass_columns_a,
          glass_columns_a, grunt_ministairs_8, uniq_natasha, uniq_robin
D:3:      layout_basic, serial_shops, shop, cheibrodos_sewer_entry_drain,
          grunt_ministairs_9, serial_bayou_lake_a
D:4:      layout_rooms, lemuel_tele_altar, serial_shops, shop,
          dk_rats_in_the_wall, uniq_eustachio
D:5:      layout_gridville, tso_metal_star, chequers_serial_rivers_room_b
D:6:      layout_rooms, mainiacjoe_overflow_chevrons,
          mainiacjoe_overflow_alcove_1, mainiacjoe_overflow_brackets,
          minmay_temple_entry_glass, enter_ossuary_4, chequers_arboretum
D:7:      layout_rooms, fedhas_altar_1, makhleb_heckhound_becter, serial_shops,
          nicolae_take_the_stairs, uniq_prince_ribbit1, uniq_harold, uniq_joseph
D:8:      layout_gridville, gammafunk_temple_overflow_arena
D:9:      layout_basic, grunt_temple_overflow_order_and_chaos_1,
          mainiacjoe_overflow_small_starburst, okawaru_humans,
          minmay_orc_entry_temple_small
D:10:     layout_loops_ring, led_sif_book, serial_shops, shop, minivault_22,
          uniq_nergalle, uniq_erolcha
D:11:     layout_roguey, david_lair_shrubbed, nicolae_stop_n_shop_2
Temple:   jpeg_temple_island
Lair:1:   layout_small_grid
Lair:2:   layout_cave_shapes, grunt_megastairs_4, lemuel_fruit_tree,
          minmay_lair_oklob_chamber
Lair:3:   layout_gridlike, beast_lair_carwin_6
Lair:4:   layout_small_grid, elwin_shoals_entry_rooms,
          guppyfry_snake_entry_garden, serial_rivers,
          chequers_serial_rivers_small_a, chequers_serial_rivers_micro_c,
          chequers_serial_rivers_small_3, chequers_serial_rivers_room_a,
          grunt_megastairs_1, serial_bayou_shore_a
Lair:5:   gammafunk_lair_enchanted_lake, layout_hall_layers,
          dpeg_slime_entry_enclosed_altar, infiniplex_staircase_pool, uniq_snorg

Skill      XL: |  1  2  3  4  5  6  7  8  9 10 11 12 13 |
---------------+----------------------------------------+-----
Stealth        | 3 4 5 6 7 9 10 11 | 11.4
Short Blades   | 1 2 3 5 8 9 10 | 10.0
Earth Magic    | 5 8 9 10 | 10.0
Conjurations   | 1 2 3 |  3.0
Spellcasting   | 2 3 |  3.0
Transmutations | 5 6 |  6.0
Invocations    | 4 9 10 | 10.0
Fighting       | 4 8 9 |  9.4
Dodging        | 6 10 | 10.0
Shields        | 4 |  4.0

Action                   |  1- 3 |  4- 6 |  7- 9 | 10-12 | 13-15 || total
-------------------------+-------+-------+-------+-------+-------++-------
Melee: Club              |    25 |       |       |       |       ||    25
       Unarmed           |     3 |       |       |       |       ||     3
       Dagger            |   103 |    82 |    82 |   442 |    64 ||   773
       Rapier            |       |       |    81 |       |       ||    81
 Fire: Hand crossbow     |       |     8 |   246 |    71 |    14 ||   339
Throw: Stone             |     3 |    12 |     2 |    32 |       ||    49
       Dart              |       |    38 |       |     6 |     9 ||    53
 Cast: Sandblast         |    29 |    36 |    79 |    72 |    43 ||   259
       Passwall          |       |     1 |     8 |    14 |     1 ||    24
       Stone Arrow       |       |     1 |     4 |    11 |       ||    16
       Petrify           |       |       |     4 |    99 |    19 ||   122
Invok: Minor Destruction |       |       |       |     5 |       ||     5
       Lesser Servant of |       |       |       |     2 |     1 ||     3
 Abil: Heal Wounds       |     1 |     4 |    10 |    14 |     3 ||    32
Evoke: Wand              |       |       |     4 |     9 |       ||    13
  Use: Scroll            |     2 |     1 |     6 |    16 |       ||    25
       Potion            |       |       |     1 |     5 |     1 ||     7
 Stab: Sleeping          |     6 |     1 |    23 |    30 |     3 ||    63
       Distracted        |       |       |     1 |       |       ||     1
       Petrified         |       |       |     2 |    49 |    10 ||    61
       Petrifying        |       |       |       |     5 |     3 ||     8
Armor: Robe              |    24 |    24 |    78 |    51 |       ||   177
       Leather armour    |       |       |       |    69 |    21 ||    90
Dodge: Dodged            |    81 |    58 |   198 |   231 |    52 ||   620
Block: Other             |       |       |    63 |    45 |       ||   108
       Reflection        |       |       |     3 |     2 |       ||     5
       Buckler           |       |       |       |   126 |    50 ||   176
